 Dungeon Crawl Stone Soup version 0.27.0-1-g7a089689b8 (webtiles) character file.

Game seed: 8525970524696023441

457 MajorAdolf the Sneak (level 7, -2/57 (63) HPs)
             Began as a Naga Wanderer on Aug 17, 2021.
             Slain by a wight (6 damage)
             ... on level 4 of the Dungeon.
             The game lasted 00:12:27 (5306 turns).

MajorAdolf the Sneak (Naga Wanderer)                Turns: 5306, Time: 00:12:28

HP:   -2/57 (63)    AC:  4    Str: 12    XL:     7   Next: 6%
MP:   12/12         EV:  8    Int: 18    God:
Gold: 194           SH:  6    Dex: 15    Spells: 7/13 levels left

rFire    . . .     SeeInvis +   k - +2 flail (holy)
rCold    . . .     Faith    .   m - +2 buckler
rNeg     . . .     Spirit   .   d - +0 robe
rPois    +         Reflect  .   j - +0 helmet
rElec    .         Harm     .   (no cloak)
rCorr    .         Rampage  .   (no gloves)
Will     .....                  (no barding)
Stlth    +++.......             (no amulet)
HPRegen  0.19/turn              e - +6 ring of dexterity
MPRegen  0.13/turn              (no ring)

@: drained, very slow
A: AC +2, large, see invisible, deformed body, poison resistance, slowness 2,
spit poison 1, naga tail 1
a: Spit Poison


You were on level 4 of the Dungeon.
You visited 1 branch of the dungeon, and saw 4 of its levels.

You collected 194 gold pieces.

Inventory:

Hand Weapons
 a - a +2 hand crossbow
 c - a +0 dagger
 k - a +2 flail of holy wrath (weapon)
Missiles
 b - 22 bolts
Armour
 d - a +0 robe (worn)
 j - a +0 helmet (worn)
 m - a +2 buckler (worn)
Jewellery
 e - a +6 ring of dexterity (left hand)
 l - a ring of ice
Scrolls
 f - 2 scrolls of enchant weapon
 n - 2 scrolls of magic mapping {unknown}
 o - a scroll of amnesia {unknown}
 p - a scroll of teleportation {unknown}
Potions
 g - a potion of degeneration {unknown}
 h - 2 potions of heal wounds {unknown}
 i - 2 potions of attraction {unknown}
 q - a potion of curing {unknown}


   Skills:
 + Level 3.9 Fighting
 + Level 0.9 Short Blades
 - Level 1.0 Crossbows
 - Level 1.0 Throwing
 + Level 4.3 Stealth
 + Level 0.5 Shields
 + Level 3.6 Spellcasting
 + Level 2.8 Hexes
 + Level 3.4 Ice Magic


You had 7 spell levels left.
You knew the following spells:

 Your Spells              Type           Power      Damage    Failure   Level
a - Freeze                Ice            60%        1d8       5%          1
b - Frozen Ramparts       Ice            30%        1d5       17%         3
c - Ensorcelled Hibernat  Hex/Ice        28%        N/A       10%         2

Your spell library contained the following spells:

 Spells                   Type           Power      Damage    Failure   Level
 Corona                   Hex            14%        N/A       7%          1
 Tukima's Dance           Hex            13%        N/A       22%         3


Dungeon Overview and Level Annotations

Branches:
Dungeon (4/15)
 Temple: D:4-7

Altars:

Shops:
D:4 *


Innate Abilities, Weirdness & Mutations

Your serpentine skin is tough. (AC +2)
You have supernaturally acute eyesight. (SInv)
Armour fits poorly on your strangely shaped body.
Your system is resistant to poisons. (rPois)
You cover ground very slowly.
You can spit poison.
You have a snake-like lower body.


Message History

There is a stone staircase leading up here.
Things that are here:
a +0 morningstar; a +0 robe
There is an entrance to Aman's Assorted Antiques here.
You see here a +0 club.
You can access your shopping list by pressing '$'.
A wight is nearby!
You hit the wight but do no damage. You block the wight's attack.
You sock the wight!
The wight convulses.
The wight is severely damaged.
The wight hits you with a +3 hand axe of freezing.
The wight freezes you.
The wight hits you with a +3 hand axe of freezing!
You feel drained. The wight freezes you.
You closely miss the wight.
The wight is severely damaged.
The wight hits you with a +3 hand axe of freezing!
You feel drained. The wight freezes you.
You barely miss the wight.
The wight is severely damaged.
The wight closely misses you. The wight barely misses you.
You hit the wight but do no damage.
The wight is severely damaged.
The wight barely misses you.
You barely miss the wight.
The wight is severely damaged.
The wight hits you with a +3 hand axe of freezing!
The wight freezes you.
The wight hits you with a +3 hand axe of freezing!
* * * LOW HITPOINT WARNING * * *
You feel drained.
* * * LOW HITPOINT WARNING * * *
The wight freezes you.
* * * LOW HITPOINT WARNING * * *
Okay, then.
Okay, then.
You hit the wight.
The wight convulses.
The wight is almost destroyed.
The wight hits you with a +3 hand axe of freezing.
You die...

##.........#............÷## #...#
..........##...........>..###....
..........##..............#....#.
....##....#.....##...........##.
.................##)..<.....#..
....####.......##............
......#......#.#........#....
............##...#...........
...........z@...####.........
..........###...# ##.#......
...........###..#####.#....#.
...............##.##..##...#.
#...............#.....#......
#........###......##.##......
........####..##..##.........
.....#..##....##.............
........#....∩........##.....


You could see a wight.

Vanquished Creatures
  Sigmund (D:2)
  A wight (D:4)
  2 iguanas (D:4)
  Robin (D:2)
  7 gnolls
  4 adders
  A worm (D:2)
  A dart slug (D:1)
  An orc (D:3)
  5 ball pythons
  3 giant cockroaches
  13 goblins
  11 hobgoblins
  4 jackals
  4 quokkas
  8 bats
  2 frilled lizards (D:1)
  13 kobolds
  4 rats
86 creatures vanquished.

Vanquished Creatures (others)
  4 fungi (D:2)
  3 plants (D:2)
7 creatures vanquished.

Grand Total: 93 creatures vanquished

Notes
Turn   | Place    | Note
-------+----------+-------------------------------------------
     0 | D:1      | MajorAdolf the Naga Wanderer began the quest for the Orb.
     0 | D:1      | MajorAdolf set off with the following items: a +2 hand
                  | crossbow, 27 bolts, a potion of lignification, a +0 robe;
                  | and the following spell memorised: Freeze; and the
                  | following spells available to memorise: Frozen Ramparts
     0 | D:1      | Reached XP level 1. HP: 19/19 MP: 3/3
   452 | D:1      | Reached XP level 2. HP: 22/26 MP: 0/5
  1059 | D:1      | Reached XP level 3. HP: 32/33 MP: 6/6
  1701 | D:2      | Noticed Robin
  1871 | D:2      | Reached XP level 4. HP: 40/40 MP: 6/8
  2074 | D:2      | Killed Robin
  2226 | D:2      | Reached skill level 2 in Stealth
  2378 | D:2      | You fall into a shaft and drop 2 floors!
  2385 | D:4      | Reached XP level 5. HP: 49/49 MP: 7/9
  2767 | D:4      | Learned a level 3 spell: Frozen Ramparts
  2774 | D:4      | Learned a level 2 spell: Ensorcelled Hibernation
  2878 | D:2      | Noticed Sigmund
  2899 | D:2      | Killed Sigmund
  2900 | D:2      | Reached skill level 3 in Stealth
  2900 | D:2      | Reached XP level 6. HP: 57/57 MP: 9/11
  3091 | D:2      | Found a faded altar of an unknown god.
  4452 | D:4      | Found Aman's Assorted Antiques.
  4463 | D:4      | Reached skill level 4 in Stealth
  5198 | D:4      | Reached XP level 7. HP: 63/63 MP: 8/12
  5306 | D:4      | Slain by a wight

Illustrated notes

Levels and vault maps discovered:
D:1:      dpeg_arrival_court, layout_loops_ring, hangedman_decor_opposing
D:2:      layout_basic, shapermc_ecumenical_altar_mp_urbaneastern,
          kennysheep_big_empty_room, uniq_robin, uniq_sigmund
D:3:      layout_loops_ring
D:4:      layout_cave_pools, serial_shops, nicolae_square_shop

Skill      XL: |  1  2  3  4  5  6 |
---------------+-------------------+-----
Ice Magic      | 2 3 |  3.4
Fighting       | 3 |  3.9
Stealth        | 2 3 4 |  4.3
Spellcasting   | 3 |  3.6
Short Blades   | |  0.9
Crossbows      | |  1.0
Throwing       | |  1.0
Shields        | |  0.5
Hexes          | |  2.8

Action                   |  1- 3 |  4- 6 |  7- 9 || total
-------------------------+-------+-------+-------++-------
Melee: Flail             |       |    16 |     7 ||    23
       Dagger            |       |    17 |       ||    17
 Fire: Hand crossbow     |    13 |    30 |       ||    43
 Cast: Freeze            |     7 |     7 |       ||    14
       Frozen Ramparts   |       |    15 |       ||    15
       Ensorcelled Hiber |       |     4 |       ||     4
 Abil: Spit Poison       |    46 |    25 |       ||    71
  Use: Scroll            |       |     2 |       ||     2
       Potion            |       |     1 |       ||     1
 Stab: Sleeping          |       |     2 |       ||     2
Armor: Robe              |    15 |    23 |       ||    38
       Skin              |       |     9 |       ||     9
Dodge: Dodged            |    34 |    39 |     3 ||    76
Block: Buckler           |       |    11 |     1 ||    12
